 Dungeon Crawl Stone Soup version 0.27-a0-1186-g8b4daa1eef (webtiles) character file.

Game seed: 11762200291403166101

920 siradein the Carver (level 8, -10/64 HPs)
             Began as a Hill Orc Fighter on May 19, 2021.
             Killed by nerve-wracking pain
             ... invoked by an orc priest
              (14 damage)
             ... on level 4 of the Dungeon.
             The game lasted 00:07:26 (5066 turns).

siradein the Carver (Hill Orc Fighter)              Turns: 5066, Time: 00:07:26

Health: -10/64     AC: 10    Str: 21    XL:     8   Next: 10%
Magic:  8/8        EV:  5    Int:  8    God:
Gold:   245        SH: 14    Dex: 10    Spells: 7/7 levels left

rFire    . . .     SeeInvis .   a - +0 long sword
rCold    . . .     Faith    .   c - +0 kite shield
rNeg     . . .     Spirit   .   o - +0 chain mail
rPois    .         Reflect  +   (no helmet)
rElec    .         Harm     .   n - +0 cloak
rCorr    .         Rampage  .   (no gloves)
Will     .....                  (no boots)
Stlth    ..........             m - amulet of reflection
HPRegen  0.20/turn              (no ring)
MPRegen  0.11/turn              (no ring)

@: no status effects
A: no striking features
a: Convert to Beogh


You were on level 4 of the Dungeon.
You visited 1 branch of the dungeon, and saw 5 of its levels.

You collected 245 gold pieces.

Inventory:

Hand Weapons
 a - a +0 long sword (weapon)
Missiles
 f - 12 bolts
 i - 6 javelins (quivered)
Armour
 c - a +0 kite shield (worn)
 n - a +0 cloak (worn)
 o - a +0 chain mail (worn)
Jewellery
 m - an amulet of reflection (around neck)
Wands
 p - a wand of acid (6)
 t - a wand of paralysis (6)
Scrolls
 b - 2 scrolls of magic mapping {unknown}
 e - 2 scrolls of teleportation {unknown}
 h - 6 scrolls of identify {unknown}
 s - a scroll of vulnerability {unknown}
Potions
 d - 2 potions of might
 g - 2 potions of berserk rage {unknown}
 j - a potion of haste {unknown}
 k - a potion of curing {unknown}
 l - a potion of invisibility {unknown}
 q - a potion of degeneration {unknown}
 r - a potion of resistance {unknown}


   Skills:
 - Level 3.6 Fighting
 + Level 10.0 Long Blades
 - Level 3.2 Armour
 - Level 3.2 Shields


You had 7 spell levels left.
You didn't know any spells.
Your spell library was empty.

Dungeon Overview and Level Annotations

Branches:
Dungeon (5/15)             Temple (0/1) D:5

Altars:
Cheibriados
Qazlal
Ru
Sif Muna
Uskayaw
Vehumet
Yredelemnul

Annotations:
D:3 2 transporters, bande's ghost, amateur GrFi


Message History

The orc priest calls down the wrath of Beogh upon you.
Pain shoots through your body!
You are too injured to fight recklessly!
You are too injured to fight recklessly!
You are too injured to fight recklessly!
You are too injured to fight recklessly!
You are too injured to fight recklessly!
The orc priest shouts, "Surrender to Beogh and we'll let you live!"
You hit the orc priest.
The orc priest is moderately wounded.
The orc priest hits you with a +0 short sword.
You block the orc priest's attack.
You barely miss the orc priest.
The orc priest is moderately wounded.
The orc priest calls down the wrath of Beogh upon you.
Beogh smites you!
* * * LOW HITPOINT WARNING * * *
Your chain mail prevents you from hitting the orc priest.
The orc priest is moderately wounded.
You block the orc priest's attack.
You slash the orc priest!
The orc priest is severely wounded.
The orc priest invokes the aid of Beogh against you.
Beogh smites you!
* * * LOW HITPOINT WARNING * * *
You barely miss the orc priest.
The orc priest is severely wounded.
The orc priest shouts, "Join the one true god or die!"
You block the orc priest's attack.
Your shield prevents you from hitting the orc priest.
The orc priest is severely wounded.
You block the orc priest's attack.
You hit the orc priest.
The orc priest is almost dead.
You block the orc priest's attack.
You closely miss the orc priest.
The orc priest is almost dead.
The orc priest calls down the wrath of Beogh upon you.
Pain shoots through your body!
You die...

#...##.# #.# #.####.# #.#
###)# #.# #.# ....# #.#
#.##### ##..####.# #.....#
.........# #####.#
##..####.# #.#
#..####)#########.##
#.......>......@[..#
##.......###.###o##.#######
.##########..# #..........#
...####......###.##.#####.#
.....#######.....##.# #.#
.......'.#####.####.# #.#
......##...###.# #.# #.#
#.....#......### #†# #.#
.....##........####.# #.#


You could see an orc priest.

Vanquished Creatures
  Sigmund (D:4)
  A water moccasin (D:5)
  A necrophage (D:4)
  A phantom (D:4)
  A water moccasin zombie (D:5)
  An orc priest (D:3)
  A hound (D:4)
  A gnoll shaman (D:4)
  3 iguanas (D:4)
  Natasha (D:2)
  2 orc wizards (D:3)
  5 gnolls (D:4)
  6 adders
  2 dart slugs
  10 orcs
  13 ball pythons
  9 bats
  7 endoplasms
  6 giant cockroaches
  9 goblins
  6 hobgoblins
  8 jackals (D:1)
  2 quokkas
  6 frilled lizards
  6 kobolds
  3 rats (D:1)
112 creatures vanquished.

Vanquished Creatures (others)
  11 plants (D:5)
11 creatures vanquished.

Grand Total: 123 creatures vanquished

Notes
Turn   | Place    | Note
-------+----------+-------------------------------------------
     0 | D:1      | siradein the Hill Orc Fighter began the quest for the Orb.
     0 | D:1      | Reached XP level 1. HP: 19/19 MP: 1/1
   229 | D:1      | Reached XP level 2. HP: 26/26 MP: 2/2
   232 | D:1      | Reached skill level 3 in Long Blades
   800 | D:1      | Reached XP level 3. HP: 30/31 MP: 3/3
   890 | D:1      | Reached skill level 4 in Long Blades
  1537 | D:2      | Found a faded altar of an unknown god.
  1755 | D:2      | Reached XP level 4. HP: 39/39 MP: 4/4
  1912 | D:2      | Noticed Natasha
  1917 | D:2      | Killed Natasha
  1918 | D:2      | Reached skill level 5 in Long Blades
  2513 | D:3      | Noticed an ogre
  2513 | D:3      | Noticed bande's ghost (amateur GrFi)
  2514 | D:3      | Noticed an ogre
  2515 | D:3      | Found a transporter.
  2516 | D:3      | Noticed an ogre
  2526 | D:3      | Found a transporter.
  2545 | D:3      | You fall into a shaft and drop 1 floor!
  2546 | D:4      | Noticed a necrophage
  2557 | D:4      | Reached XP level 5. HP: 40/45 MP: 5/5
  2584 | D:4      | Killed a necrophage
  2585 | D:4      | Reached skill level 6 in Long Blades
  2585 | D:4      | Reached XP level 6. HP: 44/51 MP: 6/6
  2673 | D:4      | Reached skill level 7 in Long Blades
  3110 | D:4      | Noticed Sigmund
  3601 | D:3      | Reached skill level 8 in Long Blades
  3601 | D:3      | Reached XP level 7. HP: 53/57 MP: 7/7
  3931 | D:3      | Found a snail-covered altar of Cheibriados.
  3940 | D:3      | Found a basalt altar of Yredelemnul.
  3940 | D:3      | Found a stormy altar of Qazlal.
  3941 | D:3      | Found a hide-covered altar of Uskayaw.
  3943 | D:3      | Found a shimmering blue altar of Sif Muna.
  3945 | D:3      | Found a sacrificial altar of Ru.
  3946 | D:3      | Found a radiant altar of Vehumet.
  4055 | D:4      | Killed Sigmund
  4171 | D:4      | Reached skill level 9 in Long Blades
  4582 | D:5      | Entered Level 5 of the Dungeon
  4822 | D:5      | Found a staircase to the Ecumenical Temple.
  4827 | D:5      | Reached XP level 8. HP: 64/64 MP: 8/8
  5014 | D:4      | Reached skill level 10 in Long Blades
  5066 | D:4      | Killed from afar by an orc priest

Illustrated notes

Levels and vault maps discovered:
D:1:      giann_bridges, layout_loops_corners, moated_statue
D:2:      layout_basic, shapermc_ecumenical_altar_mp_vishouse,
          wander_ebering_terrifying_dragon_lair, uniq_natasha
D:3:      layout_basic, minitemple, gammafunk_ghost_smash,
          hangedman_abyss_or_decor_stabs
D:4:      minmay_skewed_foursquare, layout_loops_ring, kennysheep_minor_cross,
          uniq_sigmund
D:5:      cheibrodos_fzero, layout_cave_pools, minmay_temple_entry_junction_2,
          serial_bayou_lagoon_a, minmay_misc_feat_roman

Skill      XL: |  1  2  3  4  5  6  7  8 |
---------------+-------------------------+-----
Long Blades    | 3 4 5 6 8 9 10 | 10.0
Fighting       | |  3.6
Armour         | |  3.2
Shields        | |  3.2

Action                   |  1- 3 |  4- 6 |  7- 9 || total
-------------------------+-------+-------+-------++-------
Melee: Long sword        |   115 |   197 |   126 ||   438
Throw: Javelin           |       |     1 |       ||     1
Armor: Scale mail        |    56 |    19 |       ||    75
       Chain mail        |       |    68 |    63 ||   131
Dodge: Dodged            |    47 |    22 |    21 ||    90
Block: Kite shield       |    64 |   129 |    95 ||   288
       Reflection        |       |     1 |     6 ||     7
       Rpst.: Long sword |    12 |     6 |     8 ||    26

Table legend: (Time is in decaauts)
 A = Elapsed time spent in this place.
 B = Non-inter-level travel time spent in this place.
 C = Inter-level travel time spent in this place.
 D = Time resting spent in this place.
 E = Time spent auto-exploring this place.
 F = Levels seen in this place.
 G = Mean time per level.
                   A        B        C        D        E       F      G
               +--------+--------+--------+--------+--------+-----+--------+
         Total |   5211 |   5078 |    133 |    427 |   3659 |   5 | 1042.2 |
       Dungeon |   5211 |   5078 |    133 |    427 |   3659 |   5 | 1042.2 |
               +--------+--------+--------+--------+--------+-----+--------+

Top non-repeatable levels by time:
     D:4: 1598 daAuts
     D:1: 1378 daAuts
     D:3: 1078 daAuts
     D:2: 1059 daAuts
     D:5: 97 daAuts
